 Dungeon Crawl Stone Soup version 0.27-a0-1191-g601b473118 (webtiles) character file.

Game seed: 17043266921747180920

12830 Zeld the Cleaver (level 11, -6/101 HPs)
             Began as a Minotaur Berserker on May 23, 2021.
             Was a Priest of Trog.
             Asphyxiated
             ... on level 10 of the Dungeon.
             The game lasted 00:13:50 (15179 turns).

Zeld the Cleaver (Minotaur Berserker)              Turns: 15179, Time: 00:13:51

Health: -6/101     AC: 11    Str: 26    XL:     11   Next: 67%
Magic:  10/10      EV:  9    Int:  4    God:    Trog [***...]
Gold:   1601       SH:  0    Dex:  9    Spells: 10/10 levels left

rFire    . . .     SeeInvis +   a - +2 hand axe
rCold    . . .     Faith    .   (no shield)
rNeg     . . .     Spirit   .   f - +0 plate armour
rPois    .         Reflect  .   (helmet restricted)
rElec    .         Harm     .   l - scarf {repulsion}
rCorr    .         Rampage  .   (no gloves)
Will     ++...                  (no boots)
Stlth    ..........             (no amulet)
HPRegen  1.26/turn              d - ring of see invisible
MPRegen  0.12/turn              (no ring)

@: lethally poisoned (-6 -> -26), strong-willed, on berserk cooldown,
regenerating, slowed, repel missiles, very slow
A: horns 2, retaliatory headbutt
a: Renounce Religion, Berserk, Trog's Hand


You were on level 10 of the Dungeon.
You worshipped Trog.
Trog was most pleased with you.
You visited 3 branches of the dungeon, and saw 13 of its levels.

You collected 2563 gold pieces.
You spent 962 gold pieces at shops.

Inventory:

Hand Weapons
 a - a +2 hand axe (weapon)
Armour
 f - a +0 plate armour (worn)
 l - a scarf of repulsion (worn)
Jewellery
 d - a ring of see invisible (left hand)
 e - a ring of protection from cold
 B - a ring of flight
Wands
 g - a wand of flame (50)
 w - a wand of digging (2)
 y - a wand of polymorph (6)
 A - a wand of iceblast (2)
 E - a wand of acid (5)
Scrolls
 o - 2 scrolls of enchant weapon
 p - 3 scrolls of magic mapping
 x - a scroll of fog {unknown}
 C - a scroll of holy word {unknown}
 D - 2 scrolls of teleportation {unknown}
Potions
 b - 4 potions of magic
 h - 2 potions of flight {unknown}
 i - a potion of lignification {unknown}
 j - 6 potions of curing {unknown}
 k - a potion of resistance {unknown}
 m - 2 potions of cancellation {unknown}
 n - a potion of invisibility
 q - 4 potions of heal wounds {unknown}
 r - 3 potions of berserk rage {unknown}
 s - a potion of mutation {unknown}
 t - 2 potions of brilliance {unknown}
 u - a potion of attraction {unknown}
 z - a potion of degeneration {unknown}
Miscellaneous
 c - a phantom mirror


   Skills:
 * Level 10.7 Fighting
 - Level 14.0 Axes
 - Level 2.4 Armour
 * Level 9.6 Dodging
 * Level 7.8 Evocations


You had 10 spell levels left.
You didn't know any spells.
Your spell library was empty.

Dungeon Overview and Level Annotations

Branches:
Dungeon (11/15)            Temple (1/1) D:6            Lair (0/6) D:8
    Orc (1/2) D:9

Altars:
Ashenzari
Cheibriados
Dithmenos
Elyvilon
Fedhas
Gozag
Hepliaklqana
Kikubaaqudgha
Makhleb
Nemelex Xobeh
Okawaru
Qazlal
Ru
Sif Muna
Trog
Uskayaw
Vehumet
Wu Jian
Xom
Yredelemnul
Zin
The Shining One

Shops:
D:1 =   D:7 *   D:9 *

Annotations:
D:10 Sonja


Innate Abilities, Weirdness & Mutations

You have a pair of horns on your head.
You reflexively headbutt those who attack you in melee.


Message History

Space warps horribly around you!
You slash Sonja!
Sonja is heavily wounded.
You feel sick.
Sonja hits you with a +0 dagger of distortion.
* * * LOW HITPOINT WARNING * * *
Space warps horribly around you.
* * * LOW HITPOINT WARNING * * *
Sonja closely misses you. Sonja barely misses you.
You completely miss Sonja. Your headbutt misses Sonja.
Sonja is heavily wounded.
You feel sick. Sonja hits you but does no damage. Sonja completely misses you.
Sonja hits you but does no damage. Space warps horribly around you!
* * * LOW HITPOINT WARNING * * *
You miss Sonja.
Sonja is heavily wounded.
You feel sick.
Sonja hits you with a +0 dagger of distortion.
* * * LOW HITPOINT WARNING * * *
You blink.
You are no longer berserk.
You are exhausted.
You feel as though you will be slow longer.
You feel sick.
You feel sick.
Your skin crawls.
You feel strong-willed.
You can no longer call in reinforcements.
You feel sick.
You feel sick.
Sonja shouts, "Too slow!"
Sonja throws a curare-tipped dart.
The curare-tipped dart hits you.
You are more poisoned.
You have difficulty breathing.
* * * LOW HITPOINT WARNING * * *
You feel as though you will be slow longer.
Sonja throws a curare-tipped dart.
The curare-tipped dart hits you.
You are more poisoned.
You have difficulty breathing.
You die...

#...$.............
##................
##.#..K>.....#.##.
##...#ยง...#....##
#........#......#
#....#....#.....#
##K###.#.#.......#
##.##...###..##.##
#..@##.## ### ##
##.##### ###


You could see Sonja.

Vanquished Creatures
  2 centaur warriors
  The ghost of leviel the Cleaver, a novice MiFi (D:9)
  A tengu warrior (D:9)
  An orc knight (D:10)
  Pikel (D:4)
  An ugly thing (D:9)
  2 deep elf pyromancers
  A manticore (D:10)
  A spectral centaur (D:9)
  2 unseen horrors
  2 efreet (D:9)
  A hornet (D:8)
  A troll (D:9)
  Sigmund (D:2)
  A shadow (D:9)
  2 wyverns
  3 centaur simulacra (D:9)
  A yak (D:8)
  Grum (D:9)
  A steam dragon (D:8)
  3 water moccasins
  5 orc warriors
  A black bear (D:8)
  A sky beast (D:7)
  4 ogres
  2 wolves (D:9)
  2 necrophages (D:4)
  3 centaurs
  A phantom (D:4)
  A kobold brigand (D:7)
  2 scorpions (D:4)
  2 bullfrogs (D:9)
  A water moccasin zombie (D:6)
  6 killer bees (D:10)
  4 wights (D:9)
  2 howler monkeys
  A crimson imp (D:4)
  3 centaur zombies
  2 bullfrog zombies
  2 hounds
  A jelly (D:7)
  A gnoll shaman (D:7)
  6 orc priests
  2 bullfrog skeletons
  2 iguanas
  11 orc wizards
  A scorpion zombie (D:5)
  A killer bee zombie (D:6)
  A hound zombie (D:5)
  A hound skeleton (D:4)
  9 gnolls
  A howler monkey zombie (D:6)
  6 adders
  5 white imps
  An adder skeleton (D:4)
  A worm (D:3)
  5 dart slugs
  35 orcs
  7 bats
  11 endoplasms
  2 giant cockroaches
  8 goblins
  6 hobgoblins
  9 jackals
  15 kobolds
  2 quokkas
  7 ball pythons
  2 frilled lizards (D:1)
  11 rats
245 creatures vanquished.

Vanquished Creatures (collateral kills)
  A tengu warrior (D:9)
  A wyvern (D:8)
  A basilisk (D:8)
  A kobold brigand (D:10)
  An orc wizard (D:10)
  A kobold (D:10)
6 creatures vanquished.

Vanquished Creatures (others)
  7 plants
7 creatures vanquished.

Grand Total: 258 creatures vanquished

Notes
Turn   | Place    | Note
-------+----------+-------------------------------------------
     0 | D:1      | Zeld the Minotaur Berserker began the quest for the Orb.
     0 | D:1      | Reached XP level 1. HP: 19/19 MP: 0/0
    93 | D:1      | Reached skill level 4 in Axes
   215 | D:1      | Reached XP level 2. HP: 8/26 MP: 1/1
   833 | D:1      | Reached skill level 5 in Axes
   834 | D:1      | Reached ** piety under Trog
  1119 | D:1      | Found Fyuqiew's Jewellery Boutique.
  1187 | D:1      | Reached XP level 3. HP: 31/31 MP: 2/2
  1419 | D:2      | Reached skill level 6 in Axes
  1419 | D:2      | Reached XP level 4. HP: 28/39 MP: 3/3
  1667 | D:2      | Noticed Sigmund
  1682 | D:2      | Killed Sigmund
  1683 | D:2      | Reached skill level 7 in Axes
  1683 | D:2      | Reached XP level 5. HP: 23/45 MP: 4/4
  2016 | D:2      | Reached skill level 8 in Axes
  2036 | D:2      | Found a radiant altar of Vehumet.
  2489 | D:3      | Reached XP level 6. HP: 51/51 MP: 5/5
  2609 | D:3      | Reached *** piety under Trog
  3307 | D:4      | Reached skill level 9 in Axes
  3350 | D:4      | Noticed Pikel
  3359 | D:4      | Killed Pikel
  3360 | D:4      | Reached skill level 10 in Axes
  3360 | D:4      | Reached XP level 7. HP: 57/57 MP: 6/6
  3507 | D:4      | Reached skill level 11 in Axes
  3803 | D:4      | Found a burning altar of Makhleb.
  3804 | D:4      | Found a radiant altar of Vehumet.
  3879 | D:4      | Reached XP level 8. HP: 64/64 MP: 7/7
  4072 | D:4      | Reached **** piety under Trog
  4073 | D:4      | Reached skill level 12 in Axes
  4759 | D:4      | Found an opulent altar of Gozag.
  4858 | D:5      | Entered Level 5 of the Dungeon
  4978 | D:5      | Reached skill level 13 in Axes
  6023 | D:6      | Found a staircase to the Ecumenical Temple.
  6055 | Temple   | Entered the Ecumenical Temple
  6239 | D:6      | Reached XP level 9. HP: 64/70 MP: 8/8
  6719 | D:6      | Killed an unseen horror
  6720 | D:6      | Reached skill level 14 in Axes
  6720 | D:6      | Reached skill level 1 in Evocations
  7423 | D:6      | Found a bloodstained altar of Trog.
  8042 | D:7      | Reached skill level 5 in Fighting
  8347 | D:7      | Found Ewuys's Mass Market.
  9256 | D:8      | Reached skill level 5 in Dodging
  9656 | D:8      | Noticed a manticore
  9711 | D:8      | Found a staircase to the Lair.
  9723 | D:8      | Reached XP level 10. HP: 84/84 MP: 9/9
 10353 | D:8      | Identified 2 scrolls of acquirement
 10363 | D:8      | Acquired 794 gold pieces
 10367 | D:8      | Acquired 1112 gold pieces
 10596 | D:1      | Bought a ring of see invisible for 210 gold pieces
 10596 | D:1      | Bought a ring of protection from cold for 350 gold pieces
 10927 | D:9      | Found a snail-covered altar of Cheibriados.
 11115 | D:9      | Noticed Grum
 11127 | D:9      | Killed Grum
 11140 | D:9      | Found Ynyrosi's General Store.
 11556 | D:9      | Bought a potion of invisibility for 96 gold pieces
 11556 | D:9      | Bought 2 potions of magic for 192 gold pieces
 11556 | D:9      | Bought a scroll of summoning for 114 gold pieces
 11573 | D:9      | Reached skill level 5 in Evocations
 11627 | D:9      | Found a staircase to the Orcish Mines.
 11850 | D:9      | Found a runed translucent gate.
 11850 | D:9      | Found a runed translucent gate.
 11850 | D:9      | Found a runed translucent gate.
 12046 | D:9      | Noticed a cyan ugly thing
 12050 | D:9      | Noticed a tengu warrior
 12056 | D:9      | Killed a cyan ugly thing
 12056 | D:9      | Noticed a tengu warrior
 12255 | D:9      | Killed a tengu warrior
 12455 | D:9      | Noticed a centaur warrior
 12476 | D:9      | Killed a centaur warrior
 12677 | D:9      | Killed a tengu warrior
 12678 | D:9      | Reached XP level 11. HP: 97/97 MP: 10/10
 12751 | D:9      | Found a sacrificial altar of Ru.
 12816 | D:9      | Noticed leviel's ghost (novice MiFi)
 12858 | D:9      | Noticed a deep elf pyromancer
 12870 | D:9      | Killed a deep elf pyromancer
 13216 | D:9      | Killed leviel's ghost
 13219 | D:9      | Reached skill level 10 in Fighting
 13416 | Orc:1    | Entered Level 1 of the Orcish Mines
 13625 | D:10     | Entered Level 10 of the Dungeon
 13644 | D:10     | Noticed a deep elf pyromancer
 13651 | D:10     | Noticed a centaur warrior
 13714 | D:10     | Killed a centaur warrior
 13892 | D:10     | Noticed an orc knight
 13905 | D:10     | Killed a deep elf pyromancer
 14039 | D:10     | Killed an orc knight
 14602 | D:10     | Noticed Sonja
 15179 | D:10     | HP: 2/101 [asphyx]
 15179 | D:10     | Asphyxiated

Illustrated notes

Levels and vault maps discovered:
D:1:      dpeg_arrival_subterranean_lakeside_camping, layout_rooms,
          serial_shops, nicolae_shop_crystal
D:2:      layout_loops_ring, basic_altar, minmay_pentomino_r4, uniq_sigmund
D:3:      layout_loops_corners
D:4:      minmay_skewed_foursquare, layout_basic, nicolae_gozag_seed_capital,
          grunt_temple_overflow_lords_of_destruction, serial_bayou_pond_e,
          uniq_pikel
D:5:      layout_basic
D:6:      layout_basic, trog_book, minmay_temple_entry_statues_pillars,
          minmay_manual_mullet
D:7:      layout_loops_ring, minmay_shop_mass, corexii_checkpoint_a
D:8:      layout_cave_pools, david_lair_generic, lightli_corner_chamber
D:9:      layout_grid_maze, nicolae_ru_sacrificial_ziggurat,
          lemuel_crystal_altar, david_orc_3, gammafunk_ghost_necromancy,
          serial_shops, nicolae_shop_behind_doors, minmay_shattered_shrine,
          uniq_grum
D:10:     layout_cross, minmay_diamond_spiral, uniq_sonja
D:11:     old_forge, layout_loops_ring, uniq_harold, uniq_nergalle
Temple:   nicolae_temple_elliptical
Orc:1:    layout_diamond_mine, basic_altar

Skill      XL: |  1  2  3  4  5  6  7  8  9 10 11 |
---------------+----------------------------------+-----
Axes           | 4 5 6 7 8 10 11 13 14 | 14.0
Fighting       | 6 9 10 | 10.7
Evocations     | 4 6 7 |  7.8
Dodging        | 5 8 9 |  9.6
Armour         | |  2.4

Action                   |  1- 3 |  4- 6 |  7- 9 | 10-12 || total
-------------------------+-------+-------+-------+-------++-------
Melee: Hand axe          |    54 |    95 |   431 |   275 ||   855
       Headbutt          |     4 |    13 |    77 |    62 ||   156
Invok: Berserk           |     3 |     3 |     9 |    15 ||    30
       Brothers in Arms  |       |       |     2 |     5 ||     7
       Trog's Hand       |       |       |       |     2 ||     2
Evoke: Wand              |       |       |       |     5 ||     5
  Use: Scroll            |       |       |       |    13 ||    13
 Stab: Sleeping          |     2 |       |       |       ||     2
Armor: Plate armour      |     2 |    37 |   180 |   137 ||   356
Dodge: Dodged            |    49 |    36 |    96 |   111 ||   292
       Repelled          |       |       |     5 |     1 ||     6

Table legend: (Time is in decaauts)
 A = Elapsed time spent in this place.
 B = Non-inter-level travel time spent in this place.
 C = Inter-level travel time spent in this place.
 D = Time resting spent in this place.
 E = Time spent auto-exploring this place.
 F = Levels seen in this place.
 G = Mean time per level.
                   A        B        C        D        E       F      G
               +--------+--------+--------+--------+--------+-----+--------+
         Total |  15274 |  14486 |    788 |   4517 |   8345 |  13 | 1174.9 |
       Dungeon |  14923 |  14164 |    759 |   4345 |   8210 |  11 | 1356.6 |
        Temple |    165 |    136 |     29 |      0 |    135 |   1 |  165.0 |
  Orcish Mines |    185 |    185 |      0 |    172 |      0 |   1 |  185.0 |
               +--------+--------+--------+--------+--------+-----+--------+

Top non-repeatable levels by time:
     D:9: 2370 daAuts
     D:6: 2127 daAuts
     D:7: 1697 daAuts
     D:4: 1630 daAuts
     D:8: 1443 daAuts
     D:1: 1396 daAuts
     D:2: 1114 daAuts
     D:3: 1053 daAuts
    D:10: 1017 daAuts
    D:11: 567 daAuts
     D:5: 504 daAuts
   Orc:1: 185 daAuts
  Temple: 165 daAuts
